 Dungeon Crawl Stone Soup version 0.27-a0-1140-g099f9bb0e8 (webtiles) character file.

Game seed: 12278524900321980508

291 Flubber the Cutter (level 6, -2/37 HPs)
             Began as a Kobold Gladiator on May 10, 2021.
             Was a Follower of Vehumet.
             Slain by Duvessa
             ... wielding a +0 short sword
              (5 damage)
             ... on level 5 of the Dungeon.
             The game lasted 00:09:14 (3583 turns).

Flubber the Cutter (Kobold Gladiator)               Turns: 3583, Time: 00:09:15

Health: -2/37      AC:  5    Str: 11 (12) XL:     6   Next: 58%
Magic:  6/6        EV: 16    Int: 13 (15) God:    Vehumet [*.....]
Gold:   126        SH:  0    Dex: 15 (18) Spells: 5/5 levels left

rFire    . . .     SeeInvis +   a - +0 rapier
rCold    . . .     Faith    .   (shield restricted)
rNeg     . . .     Spirit   .   b - +0 leather armour
rPois    .         Reflect  .   c - +1 helmet
rElec    .         Harm     .   (no cloak)
rCorr    .         Rampage  .   (no gloves)
Will     .....                  (no boots)
Stlth    +++.......             (no amulet)
HPRegen  0.12/turn              f - +6 ring of intelligence
MPRegen  0.10/turn              k - ring of see invisible

@: no status effects
A: small, no large weapons, nightstalker 3
a: Renounce Religion


You were on level 5 of the Dungeon.
You worshipped Vehumet.
Vehumet was aware of your devotion.
You visited 1 branch of the dungeon, and saw 5 of its levels.

You collected 126 gold pieces.

Inventory:

Hand Weapons
 a - a +0 rapier (weapon)
Missiles
 i - 15 poisoned darts (quivered)
 p - 9 bolts
Armour
 b - a +0 leather armour (worn)
 c - a +1 helmet (worn)
Jewellery
 f - a +6 ring of intelligence (left hand)
 k - a ring of see invisible (right hand)
Scrolls
 e - a scroll of enchant armour
 m - a scroll of noise
 o - a scroll of identify
 r - a scroll of magic mapping
Potions
 g - 3 potions of brilliance
 h - a potion of curing
 j - a potion of flight
 l - a potion of heal wounds {unknown}
 n - 2 potions of degeneration


   Skills:
 + Level 3.5 Fighting
 * Level 6.2 Short Blades
 + Level 3.4 Throwing
 + Level 4.8 Dodging
 + Level 2.4 Stealth


You had 5 spell levels left.
You didn't know any spells.
Your spell library was empty.

Dungeon Overview and Level Annotations

Branches:
Dungeon (5/15)
 Temple: D:4-7

Altars:
Vehumet

Portals:
Abyss: D:3

Annotations:
D:3 2 transporters, ma3's ghost, amateur MiFi
D:5 Dowan; Duvessa


Innate Abilities, Weirdness & Mutations

You are small and have problems with some larger weapons.
You are completely attuned to the shadows.


Message History

Duvessa hits you with a +0 short sword!
You hit Duvessa.
Duvessa is heavily wounded.
Duvessa hits you with a +0 short sword!
* * * LOW HITPOINT WARNING * * *
Duvessa hits you with a +0 short sword.
* * * LOW HITPOINT WARNING * * *
Throw: 2 throwing nets
Press: ? - help, Q - select action, (/) - cycle Shift-Dir - straight line, f/p - Duvessa
Aim: Duvessa, wielding a +0 short sword and wearing a +0 leather armour (heavily wounded, fast, poisoned, 64% to hit)
You throw a throwing net.
The throwing net closely misses Duvessa.
Duvessa closely misses you.
Duvessa looks more healthy.
Throw: throwing net
Press: ? - help, Q - select action, (/) - cycle Shift-Dir - straight line, f/p - Duvessa
Aim: Duvessa, wielding a +0 short sword and wearing a +0 leather armour (heavily wounded, fast, 64% to hit)
You throw a throwing net. The throwing net hits Duvessa.
Duvessa is caught in the net!
Duvessa is heavily wounded.
Duvessa struggles against the net. x2
Duvessa gestures with her weapon.
Duvessa struggles against the net.
Duvessa struggles against the net.
The net rips apart, and Duvessa comes free!
Throw: 16 darts (poison)
Press: ? - help, Q - select action Shift-Dir - straight line, f/p - Duvessa
Aim: Duvessa, wielding a +0 short sword and wearing a +0 leather armour (heavily wounded, fast, 64% to hit)
You throw a poisoned dart. The poisoned dart hits Duvessa.
Duvessa is heavily wounded.
Duvessa gestures with her weapon.
Duvessa completely misses you.
You see here 29 stones.
Duvessa barely misses you. Duvessa hits you with a +0 short sword.
* * * LOW HITPOINT WARNING * * *
There is a stone staircase leading up here.
Dowan points at you and mumbles some strange words.
The puff of flame misses you. Duvessa hits you with a +0 short sword.
You die...

#.##.###...#.#
#.##..........
#.######...#.# #.#
#..).........# #.#
#.#######.#..# #.#
####.#### #.#..# #.#
#.......# #.# .#
#.#######.#####.####.#
###.......e@# #......#
#####...........#
#.######
.........######.# #.#
.#####.#.# #e#####.#
#.#.# #.(.....#
##.#.#########e#.##
#.......#........#
#.#####.#.####e#####.
##.# #.#.# #...((((


You could see Duvessa (fast) and Dowan.

Vanquished Creatures
  An ogre (D:4)
  A jelly (D:5)
  A killer bee zombie (D:5)
  5 gnolls
  2 adders
  2 howler monkey skeletons
  2 adder skeletons
  3 dart slugs
  An orc (D:3)
  10 endoplasms
  2 giant cockroaches (D:2)
  6 hobgoblins
  3 quokkas
  6 ball pythons
  2 bats
  6 frilled lizards
  9 kobolds
  4 rats
66 creatures vanquished.

Notes
Turn   | Place    | Note
-------+----------+-------------------------------------------
     0 | D:1      | Flubber the Kobold Gladiator began the quest for the Orb.
     0 | D:1      | Reached XP level 1. HP: 12/12 MP: 1/1
   267 | D:1      | Reached XP level 2. HP: 18/18 MP: 2/2
   720 | D:1      | Reached XP level 3. HP: 22/22 MP: 3/3
   838 | D:2      | Found a radiant altar of Vehumet.
   891 | D:2      | Became a worshipper of Vehumet
  1848 | D:3      | Reached XP level 4. HP: 27/27 MP: 4/4
  1898 | D:3      | Found a faded altar of an unknown god.
  1968 | D:3      | Reached skill level 5 in Short Blades
  2551 | D:3      | Reached XP level 5. HP: 32/32 MP: 5/5
  2833 | D:3      | Noticed ma3's ghost (amateur MiFi)
  2862 | D:3      | Found a transporter.
  2866 | D:3      | Noticed a small abomination
  2875 | D:3      | Found a transporter.
  2908 | D:3      | Found a one-way gate to the infinite horrors of the Abyss.
  2968 | D:3      | Reached skill level 1 in Stealth
  3029 | D:4      | Noticed an ogre
  3044 | D:4      | Killed an ogre
  3045 | D:4      | Reached XP level 6. HP: 37/37 MP: 6/6
  3134 | D:4      | Reached skill level 6 in Short Blades
  3222 | D:5      | Entered Level 5 of the Dungeon
  3513 | D:5      | Reached * piety under Vehumet
  3513 | D:5      | Offered knowledge of Sandblast by Vehumet.
  3556 | D:5      | Noticed Duvessa
  3557 | D:5      | Noticed Dowan
  3583 | D:5      | Slain by Duvessa

Illustrated notes

Levels and vault maps discovered:
D:1:      dpeg_arrival_fog, layout_rooms, minmay_misc_feat_ornament
D:2:      layout_loops_corners, basic_altar
D:3:      layout_basic, basic_ecumenical_altar, gammafunk_ghost_abyssal_escape
D:4:      layout_basic
D:5:      layout_loops_ring, gammafunk_ghost_cemetery, serial_shops, shop,
          st_stairs_6, dk_vineyard_3, uniq_duvessa

Skill      XL: |  1  2  3  4  5  6 |
---------------+-------------------+-----
Dodging        | 4 |  4.8
Short Blades   | 5 6 |  6.2
Fighting       | 3 |  3.5
Throwing       | 3 |  3.4
Stealth        | 1 2 |  2.4

Action                   |  1- 3 |  4- 6 || total
-------------------------+-------+-------++-------
Melee: Rapier            |    78 |   117 ||   195
Throw: Dart              |       |    19 ||    19
       Throwing net      |       |     3 ||     3
  Use: Scroll            |     3 |     3 ||     6
       Potion            |       |     4 ||     4
 Stab: Sleeping          |    10 |     4 ||    14
       Distracted        |       |     1 ||     1
Armor: Leather armour    |     4 |    13 ||    17
Dodge: Dodged            |    43 |    87 ||   130

Table legend: (Time is in decaauts)
 A = Elapsed time spent in this place.
 B = Non-inter-level travel time spent in this place.
 C = Inter-level travel time spent in this place.
 D = Time resting spent in this place.
 E = Time spent auto-exploring this place.
 F = Levels seen in this place.
 G = Mean time per level.
                   A        B        C        D        E       F      G
               +--------+--------+--------+--------+--------+-----+--------+
         Total |   3566 |   3440 |    126 |    259 |   2639 |   5 |  713.2 |
       Dungeon |   3566 |   3440 |    126 |    259 |   2639 |   5 |  713.2 |
               +--------+--------+--------+--------+--------+-----+--------+

Top non-repeatable levels by time:
     D:3: 1226 daAuts
     D:2: 964 daAuts
     D:1: 813 daAuts
     D:5: 355 daAuts
     D:4: 206 daAuts
